 Dungeon Crawl Stone Soup version 0.32-a0-19-g28bc0835a1 (webtiles) character file.

Game seed: 7076344385031833781

4188 megamayne420 the Fighter (level 10, -4/177 HPs)
             Began as an Oni Monk on Jan 17, 2024.
             Was a Believer of Trog.
             Slain by an ice dragon (7 damage)
             ... on level 10 of the Dungeon.
             The game lasted 00:13:28 (2379 turns).

megamayne420 the Fighter (Oni Monk)                 Turns: 2379, Time: 00:13:30

Health: -4/177     AC:  5    Str: 21    XL:     10   Next: 29%
Magic:  10/10      EV: 10    Int: 11    God:    Trog [**....]
Gold:   387        SH:  0    Dex: 11    Spells: 9/9 levels left

rFire   . . .        y - +0 war axe
rCold   . . .        d - orb {light}
rNeg    . . .        b - +0 robe
rPois   .            (helmet restricted)
rElec   .            v - +1 cloak
rCorr   .            (gloves unavailable)
SInv    .            (boots unavailable)
Will    +....        x - amulet of faith Stlth
                     (no ring)
HPRegen 0.49/turn    (no ring)
MPRegen 0.12/turn

%: faith
@: berserking, glowing, very quick
A: large, unfitting armour, horns 1, tough skin 1, double potion healing,
drunken brawling
a: Renounce Religion, Berserk, Trog's Hand


You were on level 10 of the Dungeon.
You worshipped Trog.
Trog was pleased with you.
You visited 1 branch of the dungeon, and saw 11 of its levels.

You collected 387 gold pieces.

Inventory:

Hand Weapons
 a - a +0 hand axe
 i - a +0 trident
 k - a +0 giant spiked club
 m - a +1 short sword of electrocution
 q - a +4 mace
 y - a +0 war axe (weapon)
Missiles
 n - 3 javelins
 w - a throwing net
 z - 3 large rocks (quivered)
Armour
 b - a +0 robe (worn)
 c - a +0 buckler
 d - an orb of light (worn)
 v - a +1 cloak (worn)
Jewellery
 x - an amulet of faith (around neck)
Wands
 l - a wand of acid (1)
 u - a wand of flame (9)
Scrolls
 e - 3 scrolls of identify
 f - 2 scrolls of teleportation
 g - a scroll of silence
 h - a scroll of amnesia
 o - a scroll of fog
 p - 2 scrolls of poison
 s - a scroll of immolation {unknown}
 t - 2 scrolls of vulnerability
 A - a scroll of revelation
Potions
 j - a potion of attraction
 r - a potion of mutation {unknown}


   Skills:
 - Level 12.8 Fighting
 + Level 11.1 Axes
 + Level 3.0 Throwing
 - Level 2.6 Dodging


You had 9 spell levels left.
You didn't know any spells.
Your spell library contained the following spells:

 Spells                   Type           Power      Damage    Failure   Level
 Call Imp                 Summ           0%         N/A       47%         2
 Ensorcelled Hibernation  Hex/Ice        0%         N/A       47%         2
 Scorch                   Fire           0%         2d5       47%         2
 Sublimation of Blood     Necr           0%         N/A       47%         2
 Fugue of the Fallen      Necr           0%         N/A       71%         3
 Anguish                  Hex/Necr       0%         N/A       98%         4
 Flame Wave               Conj/Fire      0%         2d4       98%         4
 Summon Cactus Giant      Summ           0%         N/A       100%        6
 Summon Hydra             Summ           0%         N/A       100%        7


Dungeon Overview and Level Annotations

Branches:
Dungeon (11/15)            Temple (0/1) D:7            Lair (0/5) D:10
    Orc: D:9-12

Altars:
Sif Muna
Trog

Shops:
D:5 :


Innate Abilities, Weirdness & Mutations

You are too large for most types of armour.
You have a pair of small horns on your head.
You have tough skin. (AC +1)
You gain doubled healing and magic from potions.
Whenever you drink a healing potion, you attack all around you.


Message History

Your Throwing skill increases to level 3!
The ice dragon bites you!
* * * LOW HITPOINT WARNING * * *
The ice dragon claws you.
* * * LOW HITPOINT WARNING * * *
The ice dragon barely misses you.
You see here a vampire mosquito corpse.
You completely miss the ice dragon. You headbutt the ice dragon.
The ice dragon is lightly wounded.
The ice dragon bites you.
* * * LOW HITPOINT WARNING * * *
The ice dragon claws you but does no damage.
The ice dragon closely misses you.
You are too injured to fight recklessly!
You hit the ice dragon but do no damage.
You hit the ice dragon. Your headbutt misses the ice dragon.
The ice dragon is lightly wounded.
Your skin stops crawling.
You feel less strong-willed. The ice dragon barely misses you.
The ice dragon claws you.
* * * LOW HITPOINT WARNING * * *
The ice dragon closely misses you.
You hit the ice dragon.
The ice dragon is lightly wounded.
The ice dragon bites you!
* * * LOW HITPOINT WARNING * * *
The ice dragon claws you.
* * * LOW HITPOINT WARNING * * *
The ice dragon tramples you!
* * * LOW HITPOINT WARNING * * *
You stumble backwards!
You hit the ice dragon but do no damage.
You headbutt the ice dragon!
The ice dragon is moderately wounded.
You hit the ice dragon but do no damage.
You headbutt the ice dragon.
The ice dragon is moderately wounded.
The ice dragon closely misses you. The ice dragon claws you.
* * * LOW HITPOINT WARNING * * *
The ice dragon tramples you!
You die...

.....#8.8#.#.........#...#.#..##.
###..#...#.'.........#...#.###.##
####8.8###............#.#...#..
##≈≈...≈≈##........#..#..###.#.
##≈≈~8.8~≈≈##....[#.#.#.##....#.
#≈≈≈~#)#~≈≈≈##...##.#.##......#.
#≈≈.##)##.≈≈###'###.##........#.
#≈≈≈.#...#.≈≈≈##.# #.# ###.######
##≈≈.#...#.≈≈###@# #.# ....
#≈≈.##_##.≈≈###D###.# .##
##≈≈.###.≈≈##.......#.# ##≈≈
≈≈##........#.# ###
###.......#....... #.#
##.#.....#.#.#.#$..
#.#####..##...)....# # .
#........#####)#.#.# ########.#
#>#.#.#


You could see an ice dragon.

Vanquished Creatures
  2 two-headed ogres
  A cyclops (D:10)
  A gargoyle (D:10)
  2 komodo dragons
  A hornet (D:9)
  A wyvern (D:10)
  3 vampire mosquitoes (D:10)
  3 orc warriors (D:10)
  2 centaurs (D:10)
  A kobold brigand (D:10)
  4 bullfrogs
  A bombardier beetle (D:4)
  A jelly (D:5)
  5 orc wizards
  2 sleepcaps (D:6)
  2 iguanas
  2 adders
  A white imp (D:7)
  3 dart slugs
  2 ribbon worms
  10 orcs
  4 ball pythons
  3 endoplasms
  5 giant cockroaches
  3 goblins
  6 hobgoblins
  2 jackals (D:3)
  3 kobolds
  3 quokkas
  2 bats
  3 frilled lizards
  7 rats
91 creatures vanquished.

Notes
Turn   | Place    | Note
-------+----------+-------------------------------------------
     0 | D:1      | megamayne420 the Oni Monk began the quest for the Orb.
     0 | D:1      | Reached XP level 1. HP: 24/24 MP: 1/1
   118 | D:2      | Reached XP level 2. HP: 30/32 MP: 2/2
   257 | D:1      | Reached XP level 3. HP: 34/39 MP: 3/3
   351 | D:3      | Reached XP level 4. HP: 33/48 MP: 4/4
   391 | D:3      | Found a bloodstained altar of Trog.
   426 | D:3      | Became a worshipper of Trog the Wrathful
   426 | D:3      | Reached * piety under Trog
   426 | D:3      | Reached ** piety under Trog
   482 | D:3      | Reached skill level 5 in Axes
   691 | D:4      | Reached XP level 5. HP: 26/55 MP: 5/5
   898 | D:4      | Reached skill level 5 in Fighting
   991 | D:5      | Entered Level 5 of the Dungeon
  1030 | D:5      | Reached XP level 6. HP: 39/67 MP: 6/6
  1051 | D:5      | Found Vungo's Book Shop.
  1169 | D:6      | Reached skill level 6 in Fighting
  1424 | D:7      | Reached XP level 7. HP: 48/76 MP: 7/7
  1485 | D:8      | Reached skill level 7 in Fighting
  1489 | D:9      | Noticed a hornet
  1496 | D:9      | Killed a hornet
  1497 | D:9      | Reached skill level 8 in Fighting
  1585 | D:10     | Entered Level 10 of the Dungeon
  1595 | D:10     | Noticed a gargoyle
  1614 | D:10     | Killed a gargoyle
  1615 | D:10     | Reached XP level 8. HP: 91/91 MP: 8/8
  1640 | D:10     | Noticed a wyvern
  1675 | D:11     | Noticed a wraith
  1675 | D:11     | Noticed a yak
  1677 | D:11     | Noticed a yak
  1692 | D:10     | Noticed a two-headed ogre
  1693 | D:10     | Noticed a komodo dragon
  1710 | D:10     | Killed a two-headed ogre
  1711 | D:10     | Reached skill level 10 in Fighting
  1754 | D:10     | Killed a komodo dragon
  1755 | D:10     | Reached XP level 9. HP: 102/102 MP: 9/9
  1772 | D:10     | Found a staircase to the Lair.
  1808 | D:11     | Noticed a komodo dragon
  1809 | D:11     | Noticed a two-headed ogre
  1814 | D:11     | Killed a two-headed ogre
  1815 | D:11     | Reached skill level 11 in Fighting
  1818 | D:11     | Killed a komodo dragon
  1819 | D:11     | Reached skill level 12 in Fighting
  1819 | D:11     | Reached skill level 10 in Axes
  2052 | D:10     | Reached XP level 10. HP: 101/118 MP: 10/10
  2055 | D:10     | Noticed a cyclops
  2113 | D:10     | Reached skill level 1 in Throwing
  2141 | D:10     | Found a shimmering blue altar of Sif Muna.
  2217 | D:10     | Reached *** piety under Trog
  2232 | D:10     | Noticed a cyclops
  2240 | D:10     | Killed a cyclops
  2303 | D:10     | Noticed a boulder beetle
  2361 | D:10     | Noticed an ice dragon
  2377 | D:10     | HP: 7/177 [ice dragon (12)]
  2379 | D:10     | HP: 3/177 [ice dragon (5)]
  2379 | D:10     | Slain by an ice dragon

Illustrated notes

Levels and vault maps discovered:
D:1:      amcnicky_arrival_wind_blow, layout_basic
D:2:      layout_rooms
D:3:      layout_loops_ring, lightli_temple_of_fire, st_stairs_5
D:4:      layout_basic, chequers_serial_rivers_marsh
D:5:      layout_layer_cave, serial_shops, nicolae_inconvenience_store,
          uniq_ijyb, uniq_edmund
D:6:      layout_loops_corners, roderic_batcave, hangedman_decor_riveting
D:7:      layout_basic, temple_hall, uniq_maurice
D:8:      layout_basic, serial_shops, shop
D:9:      layout_roguey, lemuel_crystal_altar, hiddenorc2_lemuel
D:10:     minmay_the_grid_3x3 [minmay_the_grid_outer_diamond,
          minmay_the_grid_all_tris, minmay_the_grid_aliased_spiral,
          minmay_the_grid_small_cups, minmay_the_grid_paths,
          minmay_the_grid_spikes, minmay_the_grid_dragon_b,
          minmay_the_grid_expand, minmay_the_grid_prize_shrinking_boxes],
          layout_loops_corners, kennysheep_orc_sif_temple,
          chequers_temple_overflow_minitemple, kennysheep_generic_room_2
D:11:     layout_rooms, amethyst_killhole

Skill      XL: |  1  2  3  4  5  6  7  8  9 10 |
---------------+-------------------------------+-----
Axes           | 4 5 6 7 9 10 11 | 11.1
Fighting       | 5 6 8 10 12 | 12.8
Throwing       | 3 |  3.0
Dodging        | |  2.6

Action                     |  1- 3 |  4- 6 |  7- 9 | 10-12 || total
---------------------------+-------+-------+-------+-------++-------
  Melee: Hand axe          |    57 |   107 |       |       ||   164
         Headbutt          |     9 |    35 |    17 |    21 ||    82
         War axe           |       |    20 |    51 |    45 ||   116
  Throw: Javelin           |       |       |     2 |       ||     2
         Throwing net      |       |       |       |     1 ||     1
 Invoke: Berserk           |       |     1 |     8 |     3 ||    12
         Trog's Hand       |       |       |     2 |     2 ||     4
  Evoke: Wand              |       |       |     3 |     6 ||     9
    Use: Potion            |       |     1 |     3 |       ||     4
         Scroll            |       |     9 |     2 |     1 ||    12
 Armour: Robe              |    38 |    70 |    67 |    36 ||   211
  Dodge: Dodged            |    32 |    76 |    38 |    16 ||   162

Table legend: (Time is in decaauts)
 A = Elapsed time spent in this place.
 B = Non-inter-level travel time spent in this place.
 C = Inter-level travel time spent in this place.
 D = Time resting spent in this place.
 E = Time spent auto-exploring this place.
 F = Levels seen in this place.
 G = Mean time per level.
                   A        B        C        D        E       F      G
               +--------+--------+--------+--------+--------+-----+--------+
         Total |   2506 |   2442 |     64 |     52 |      0 |  11 |  227.8 |
       Dungeon |   2506 |   2442 |     64 |     52 |      0 |  11 |  227.8 |
               +--------+--------+--------+--------+--------+-----+--------+

Top non-repeatable levels by time:
    D:10: 868 daAuts
     D:4: 356 daAuts
     D:3: 312 daAuts
     D:7: 201 daAuts
     D:2: 180 daAuts
     D:1: 163 daAuts
     D:6: 130 daAuts
     D:8: 126 daAuts
     D:5: 101 daAuts
     D:9: 48 daAuts
    D:11: 17 daAuts
